 Dungeon Crawl Stone Soup version 0.17-a0-1164-g0ba867e (webtiles) character file.

16942 Lektor the Cruncher (level 12, -1/100 HPs)
             Began as a Minotaur Gladiator on May 28, 2015.
             Was a High Priest of Okawaru.
             Slain by an eidolon (15 damage)
             ... on level 1 of the Abyss.
             The game lasted 00:55:03 (10601 turns).

Lektor the Cruncher (Minotaur Gladiator)           Turns: 10601, Time: 00:55:04

Health: -1/100     AC: 17    Str: 20    XL:     12   Next: 14%
Magic:  15/15      EV: 12    Int:  5    God:    Okawaru [*****.]
Gold:   822        SH:  0    Dex: 18    Spells: 0 memorised, 11 levels left

rFire  x . .     SeeInvis .     a - +8 quarterstaff "Jadgh" {elec, +Blink Dex+2}
rCold  + + +     Clarity  .     q - +1 chain mail {rC+}
rNeg   . . .     SustAt   .     (no shield)
rPois  .         Gourm    .     c - +0 hat
rElec  .         Spirit   .     A - +0 cloak
rCorr  .         Warding  .     U - +1 pair of gloves
rMut   .         Stasis   .     (no boots)
MR     .....                    (no amulet)
Stlth  ..........               J - ring of protection from cold
                                o - ring of ice

@: about to teleport, afraid, drained, not resistant to hostile enchantments,
extremely unstealthy
A: retaliatory headbutt, horns 2
a: Heroism, Finesse, Renounce Religion, Evoke Blink


You were on level 1 of the Abyss.
You worshipped Okawaru.
Okawaru was extremely pleased with you.
You were not hungry.

You visited 3 branches of the dungeon, and saw 11 of its levels.
You visited the Abyss 1 time.
You also visited: Ice Cave.

You collected 822 gold pieces.

Inventory:

Hand weapons
 a - the +8 quarterstaff "Jadgh" (weapon) {elec, +Blink Dex+2}
   (You found it on level 8 of the Dungeon)

   Occasionally, upon striking a foe, it will discharge some electrical energy
   and cause terrible harm.
   It affects your dexterity (+2).
   It lets you blink.
 l - a +0 greatsling
 r - a +0 blowgun
 K - a +2 demon whip of venom
 N - a +4 shortbow
 P - a +2 battleaxe of freezing
 S - a +2 lajatang of pain
 Z - a +1 arbalest of freezing
Missiles
 d - 3 throwing nets
 i - 273 stones
 s - 52 poisoned needles
 w - 11 tomahawks (quivered)
 y - 154 arrows
 B - 49 bolts
 O - 33 arrows of frost
Armour
 c - a +0 hat (worn)
 q - a +1 chain mail of cold resistance (worn)
 u - a +1 pair of gloves
 v - a +2 scale mail of fire resistance
 z - the +2 robe of Calculation {-Tele rF- rN+++ MR+, unknown}
   (Okawaru gifted it to you in an ice cave)

   It makes you vulnerable to fire.
   It renders you almost immune to negative energy.
   It affects your resistance to hostile enchantments.
   It prevents most forms of teleportation.
 A - a +0 cloak (worn)
 U - a +1 pair of gloves (worn)
Jewellery
 o - a ring of ice (left hand)
 J - a ring of protection from cold (right hand)
 R - a +3 ring of dexterity
Magical devices
 t - a wand of teleportation (3)
 M - a wand of hasting (3)
 T - a wand of digging (14)
 V - a wand of fire (0)
 X - a wand of flame (19)
Scrolls
 g - 7 scrolls of identify
 j - 5 scrolls of remove curse
 k - 3 scrolls of recharging
 E - 2 scrolls of enchant armour
 G - 3 scrolls of teleportation
 W - 2 scrolls of noise
Potions
 f - 3 potions of invisibility
 m - 4 potions of brilliance
 n - 4 potions of curing
 p - a potion of degeneration
 x - a potion of cure mutation
 H - a potion of lignification
 I - a potion of heal wounds
Books
 b - a book of Power

   Spells                             Type                      Level
   a - Fulminant Prism                Conjuration/Hexes            4
   b - Iskenderun's Mystic Blast      Conjuration                  4
   c - Venom Bolt                     Conjuration/Poison           5
   d - Bolt of Magma                  Conjuration/Fire/Earth       5
   e - Iron Shot                      Conjuration/Earth            6
   f - Orb of Destruction             Conjuration                  7
   g - Spellforged Servitor           Conjuration/Summoning        7
 Q - a Grand Grimoire {highlevel, unknown}

   This book is beyond your current level of understanding.

   Spells                             Type                      Level
   a - Monstrous Menagerie            Summoning                    6
   b - Summon Greater Demon           Summoning                    7
   c - Malign Gateway                 Summoning/Translocation      7
   d - Summon Horrible Things         Summoning                    8
 Y - a book of Frost

   Spells                             Type                      Level
   a - Freeze                         Ice                          1
   b - Throw Frost                    Conjuration/Ice              2
   c - Ozocubu's Armour               Charms/Ice                   3
   d - Throw Icicle                   Conjuration/Ice              4
   e - Summon Ice Beast               Ice/Summoning                4
   f - Condensation Shield            Ice                          4
Comestibles
 e - 4 bread rations
 h - 7 meat rations
 C - 2 beef jerkies
 L - 4 fruits


   Skills:
 + Level 7.0(6.3) Fighting
 - Level 14.0(13.2) Staves
 - Level 2.0(1.4) Throwing
 + Level 13.3(12.5) Armour
 - Level 7.1(6.4) Dodging
 + Level 6.0(5.3) Invocations
 - Level 4.5(3.9) Evocations


You had 11 spell levels left.
You didn't know any spells.

Dungeon Overview and Level Annotations

Branches:
Dungeon (8/15)             Temple (1/1) D:5            Lair (2/8) D:8

Altars:
Ashenzari
Cheibriados
Dithmenos
Elyvilon
Fedhas
Gozag
Kikubaaqudgha
Makhleb
Nemelex Xobeh
Okawaru
Qazlal
Ru
Sif Muna
Trog
Vehumet
Xom
Yredelemnul
Zin
The Shining One

Shops:
D:8 =

Annotations:
D:8 exclusion: oklob plant
Lair:1 Sonja
Lair:2 SWAGNEMITE's ghost, powerful NaEn


Innate Abilities, Weirdness & Mutations

You reflexively headbutt those who attack you in melee.
You have a pair of horns on your head.


Message History

The eidolon breathes negative energy at you.
The bolt of negative energy hits you!
You feel drained. The starspawn tentacle grabs you.
The starspawn tentacle constricts you. The large abomination hits you!!
* * * LOW HITPOINT WARNING * * *
Read which item? (? for menu, Esc to quit)
Your blink will be uncontrolled - continue anyway? [Y]es or [N]o only, please.
Your blink will be uncontrolled - continue anyway? [Y]es or [N]o only, please.
Your blink will be uncontrolled - continue anyway? [Y]es or [N]o only, please.
Your blink will be uncontrolled - continue anyway?
A powerful magic prevents control of your teleportation.
Your attempt to break free from the starspawn tentacle fails, but you feel that another attempt might succeed.
As you read the scroll of blinking, it crumbles to dust.
Tentacles burst from the starspawn's body!
The starspawn tentacle loses its grip on you.
The tentacle pulls you backwards! The eidolon hits you!
You die...

.........##...
.......#. ...
#...... #....
##....# ..... ..
##.ww..##.....
...#...X.........
........*........
#...*Xw$......
##..X@........
##.wW........
.#............
##......##.....
..######## .##..
............ ....
.##..##..##..##.
#.. #..#


You could see 2 tentacled starspawn, an eidolon, a large abomination and 4
starspawn tentacles.

Vanquished Creatures
  A frost giant (IceCv)
  A hydra (Lair:2)
  2 death yaks (IceCv)
  An ice statue (IceCv)
  Pikel (D:5)
  The ghost of Goodini51 the Ducker, an experienced TrAr (D:4)
  15 polar bears (IceCv)
  Grinder (D:5)
  21 yaks
  A ynoxinul (Abyss:1)
  A hippogriff (D:7)
  3 wargs (D:8)
  9 wolves (IceCv)
  A porcupine (Lair:2)
  An ogre (D:4)
  4 water moccasins
  4 ice beasts
  7 centaurs
  2 orc warriors (D:8)
  2 sky beasts
  A big kobold (D:5)
  A small abomination (Abyss:1)
  8 giant frogs
  2 scorpions (D:6)
  A crimson imp (D:7)
  4 starcursed masses (Abyss:1)
  5 hounds
  A jelly (D:5)
  A centaur skeleton (D:8)
  9 orc priests
  2 giant frog skeletons
  3 orc wizards
  An iguana (D:4)
  2 worker ants
  Natasha (thrice) (D:2)
  A killer bee zombie (D:8)
  4 sheep (Lair:2)
  2 hound skeletons (D:5)
  A hound zombie (D:6)
  A worker ant zombie (D:7)
  15 adders
  8 gnolls
  3 shadow imps
  13 white imps
  4 ufetubi (Abyss:1)
  3 oozes
  2 adder skeletons
  An adder zombie (D:8)
  A worm (D:2)
  6 giant geckos
  25 orcs
  2 ball pythons
  13 bats
  A bat skeleton (D:5)
  2 bat zombies
  3 giant cockroaches
  9 goblins
  15 hobgoblins
  3 quokkas
  6 giant newts
  16 jackals
  2 jackal zombies
  15 kobolds
  18 rats
318 creatures vanquished.

Vanquished Creatures (others)
  A yak (IceCv)
  5 wolves (IceCv)
  An orc wizard (D:8)
  A bat (D:5)
  48 starspawn tentacle segments (Abyss:1)
56 creatures vanquished.

Grand Total: 374 creatures vanquished

Notes
Turn   | Place    | Note
--------------------------------------------------------------
     0 | D:1      | Lektor the Minotaur Gladiator began the quest for the Orb.
     0 | D:1      | Reached XP level 1. HP: 18/18 MP: 0/0
    25 | D:1      | Reached skill level 4 in Staves
    65 | D:1      | Reached XP level 2. HP: 11/25 MP: 1/1
   857 | D:2      | Noticed Natasha
   866 | D:2      | Killed Natasha
   866 | D:2      | Reached skill level 5 in Staves
   866 | D:2      | Reached XP level 3. HP: 19/30 MP: 2/2
   967 | D:2      | Reached XP level 4. HP: 28/37 MP: 3/3
   970 | D:2      | Found a shadowy altar of Dithmenos.
   973 | D:2      | Reached skill level 6 in Staves
  1683 | D:2      | Found a sparkling altar of Nemelex Xobeh.
  1686 | D:2      | Found a stormy altar of Qazlal.
  1689 | D:2      | Found a burning altar of Makhleb.
  1725 | D:2      | Noticed Natasha
  1732 | D:2      | Killed Natasha
  1732 | D:2      | Reached skill level 7 in Staves
  1732 | D:2      | Reached XP level 5. HP: 42/42 MP: 4/4
  1753 | D:2      | Noticed Natasha
  1756 | D:2      | Killed Natasha
  2634 | D:4      | Reached skill level 8 in Staves
  2784 | D:4      | Reached XP level 6. HP: 36/50 MP: 5/5
  3073 | D:4      | Reached skill level 9 in Staves
  3124 | D:4      | Noticed an ogre
  3136 | D:4      | Killed an ogre
  3246 | D:4      | Reached XP level 7. HP: 56/56 MP: 6/6
  3353 | D:4      | Found a sacrificial altar of Ru.
  3511 | D:4      | Noticed Goodini51's ghost (experienced TrAr)
  3541 | D:4      | Killed Goodini51's ghost
  3541 | D:4      | Reached skill level 11 in Staves
  3907 | D:5      | Entered Level 5 of the Dungeon
  3963 | D:5      | Noticed Grinder
  3963 | D:5      | Paralysed by Grinder for 4 turns
  3974 | D:5      | Paralysed by Grinder for 4 turns
  4025 | D:5      | Killed Grinder
  4025 | D:5      | Reached XP level 8. HP: 57/62 MP: 7/7
  4119 | D:5      | Found a staircase to the Ecumenical Temple.
  4130 | Temple   | Entered the Ecumenical Temple
  4138 | Temple   | Became a worshipper of Warmaster Okawaru
  4253 | D:5      | Reached skill level 12 in Staves
  4443 | D:5      | Noticed Pikel
  4468 | D:5      | Killed Pikel
  4468 | D:5      | Acquired Okawaru's first power
  4468 | D:5      | Reached skill level 13 in Staves
  4898 | D:5      | Reached XP level 9. HP: 68/68 MP: 8/8
  4939 | D:5      | Found a bloodstained altar of Trog.
  5295 | D:6      | Reached skill level 14 in Staves
  5382 | D:6      | Reached skill level 1 in Armour
  5899 | D:6      | Reached skill level 5 in Armour
  6517 | D:7      | Identified a scroll of acquirement
  6878 | D:7      | Reached skill level 1 in Invocations
  7656 | D:8      | Found a blossoming altar of Fedhas.
  7674 | D:8      | Noticed an oklob plant
  7807 | D:8      | Found Veassixt's Jewellery Shop.
  7810 | D:8      | Got a jewelled quarterstaff
  7811 | D:8      | Identified the +8 quarterstaff "Jadgh" {elec, +Blink Dex+2} (You found it on level 8 of the Dungeon)
  7818 | D:8      | Found a basalt altar of Yredelemnul.
  7969 | D:8      | Found a staircase to the Lair.
  7976 | D:8      | Reached skill level 1 in Evocations
  7976 | D:8      | Reached XP level 10. HP: 68/74 MP: 10/10
  8791 | Lair:1   | Entered Level 1 of the Lair of Beasts
  8797 | Lair:1   | Noticed Sonja
  8951 | Lair:2   | Found a frozen archway.
  8976 | IceCv    | Entered an ice cave
  8982 | IceCv    | Reached skill level 10 in Armour
  9267 | IceCv    | Noticed an ice statue
  9442 | IceCv    | Acquired Okawaru's second power
  9467 | IceCv    | Reached XP level 11. HP: 80/80 MP: 13/13
  9501 | IceCv    | Reached skill level 5 in Dodging
  9503 | IceCv    | Received a gift from Okawaru
  9608 | IceCv    | Killed an ice statue
  9748 | IceCv    | Reached skill level 5 in Fighting
  9798 | IceCv    | Noticed a frost giant
  9798 | IceCv    | Noticed a death yak
  9798 | IceCv    | Noticed a death yak
  9813 | IceCv    | Killed a death yak
  9817 | IceCv    | Killed a death yak
  9828 | IceCv    | Killed a frost giant
  9828 | IceCv    | Received a gift from Okawaru
  9828 | IceCv    | Reached skill level 5 in Invocations
  9843 | IceCv    | Got a brightly glowing robe {god gift}
 10368 | Lair:2   | Noticed a five-headed hydra
 10378 | Lair:2   | Killed a five-headed hydra
 10378 | Lair:2   | Reached XP level 12. HP: 85/97 MP: 12/15
 10419 | Lair:2   | Noticed SWAGNEMITE's ghost (powerful NaEn)
 10432 | Lair:1   | Cast into the Abyss (Sonja)
 10432 | Abyss:1  | Found a corrupted altar of Lugonu.
 10478 | Abyss:1  | Noticed a starcursed mass
 10491 | Abyss:1  | Killed a starcursed mass
 10507 | Abyss:1  | Killed a starcursed mass
 10517 | Abyss:1  | Killed a starcursed mass
 10522 | Abyss:1  | Killed a starcursed mass
 10595 | Abyss:1  | Noticed a tentacled starspawn
 10595 | Abyss:1  | Noticed an eidolon
 10597 | Abyss:1  | Noticed a tentacled starspawn
 10601 | Abyss:1  | Slain by an eidolon

Vault maps used:
D:1:      dpeg_arrival_shelter, st_stairs_9
D:2:      grunt_temple_overflow_diamond, first_bread,
          grunt_dithmenos_smoke_and_mirrors, uniq_natasha
D:4:      nicolae_ru_great_annihilating_truth, dk_noncrumbling_4,
          serial_bayou_pond_d
D:5:      lightli_temple_of_fire, minmay_temple_entry_glassed_door,
          uniq_grinder, uniq_pikel
D:6:      minmay_misc_feat_alley
D:8:      tgw_fedhas, yredelemnul_altar_generic, erik_lair_orcish_takeover,
          serial_shops, nicolae_shop_statue_plus
Temple:   circular_temple_12
Lair:1:   infiniplex_staircase_pool, uniq_sonja
Lair:2:   portal_ice_cave_entry_imps
IceCv:    ice_cave_caverns_02

Action                   |  1- 3 |  4- 6 |  7- 9 | 10-12 || total
-------------------------+-------+-------+-------+-------++-------
Melee: Quarterstaff      |    47 |   198 |   299 |   306 ||   850
       Demon whip        |       |       |    75 |       ||    75
Throw: Tomahawk          |       |     3 |     4 |     8 ||    15
Invok: Heroism           |       |       |       |     2 ||     2
       Finesse           |       |       |       |     1 ||     1
Evoke: Wand              |       |       |       |     5 ||     5
  Use: Potion            |     1 |     1 |     4 |     8 ||    14
       Scroll            |       |     7 |     8 |     5 ||    20
 Stab: Paralysed         |       |       |     1 |       ||     1
       Distracted        |       |       |       |     1 ||     1
       Invisible         |       |       |       |     3 ||     3
  Eat: Chunk             |       |     8 |     6 |     5 ||    19
       Bread ration      |       |       |     2 |     1 ||     3
